 Dungeon Crawl Stone Soup version 0.24-a0-358-g53aee78b01 (webtiles) character file.

Game seed: 13688972882189314101

259863 mhoghedin the Impaler (level 19, -2/177 HPs)
             Began as a Grey Draconian Wanderer on May 25, 2019.
             Was an Initiate of Gozag.
             Slain by a deep troll (21 damage)
             ... led by an ironheart preserver
             ... on level 1 of the Vaults.
             The game lasted 01:36:35 (40238 turns).

mhoghedin the Impaler (Grey Draconian Wanderer)    Turns: 40238, Time: 01:36:36

Health: -2/177     AC: 25    Str: 20      XL:     19   Next: 16%
Magic:  27/27      EV: 24    Int: 19 (20) God:    Gozag
Gold:   1886       SH:  3    Dex: 16      Spells: 8/18 levels left

rFire    + . .     SeeInvis .   b - +11 halberd "Eqiaz" {chop, Dex+4}
rCold    + . .     Gourm    .   (shield currently unavailable)
rNeg     . . .     Faith    .   (armour unavailable)
rPois    +         Spirit   .   w - +1 hat "Sahebimp" {rElec rF+ Int+8 Slay-2}
rElec    +         Reflect  +   I - +2 cloak {MR+}
rCorr    .         Harm     .   L - +2 pair of gloves
MR       +++..                  P - +2 pair of boots
Stlth    +.........             Z - amulet "Byacs" {Reflect +Inv rPois rC+ Dex-2 SH+3}
HPRegen  0.39/turn              E - ring of protection from magic {MR+, !d}
MPRegen  0.20/turn              e - +2 ring of slaying

@: gold aura, very slightly contaminated, invisible
A: walk through water, unfitting armour, deterioration 1, unbreathing,
cold-blooded, AC +15
}: 2/15 runes: decaying, serpentine
a: Potion Petition, Call Merchant, Bribe Branch, Renounce Religion


You were on level 1 of the Vaults.
You worshipped Gozag.
Gozag was most pleased with you.
You were not hungry.

You visited 7 branches of the dungeon, and saw 35 of its levels.
You also visited: Gauntlet, Ice Cave and Wizlab.

You collected 15775 gold pieces.
You spent 4736 gold pieces at shops.
You paid 9153 gold pieces to Gozag.

Inventory:

Hand Weapons
 a - the +2 arbalest of Imoshremeg {penet, +Fly rC+ Str-4 Dex+6}
   (You bought it in a shop on level 1 of the Snake Pit)

   Ammo fired by it will pass through the targets it hits, potentially hitting
   all targets in its path until it reaches maximum range.
   It affects your strength (-4).
   It affects your dexterity (+6).
   It protects you from cold.
   It lets you fly.
 b - the +11 halberd "Eqiaz" (weapon) {chop, Dex+4}
   (You bought it in a shop on level 7 of the Dungeon)

   It inflicts extra damage upon your enemies.
   It affects your dexterity (+4).
 J - the +5 trident "Lociton" {venom, rN+++ Int-3 Dex+5}
   (You found it on level 4 of the Lair of Beasts)

   It poisons the flesh of those it strikes.
   It affects your intelligence (-3).
   It affects your dexterity (+5).
   It renders you almost immune to negative energy.
Missiles
 m - 354 bolts
Armour
 w - the +1 hat "Sahebimp" (worn) {rElec rF+ Int+8 Slay-2}
   (You found it in an ice cave)

   It affects your intelligence (+8).
   It affects your accuracy and damage with ranged weapons and melee attacks
   (-2).
   It protects you from fire.
   It insulates you from electricity.
 I - a +2 cloak of magic resistance (worn)
   (You found it on level 3 of the Elven Halls)
 L - a +2 pair of gloves (worn)
   (You found it on level 11 of the Dungeon)
 P - a +2 pair of boots (worn)
   (You found it on level 1 of the Swamp)
Jewellery
 e - a +2 ring of slaying (right hand)
   (You found it on level 1 of the Dungeon)
 p - an uncursed ring of protection from fire {rF+, !d}
   (You found it on level 10 of the Dungeon)
 u - an uncursed ring of see invisible {sInv, !d}
   (You found it on level 2 of the Snake Pit)
 x - an uncursed amulet of regeneration {+regen, !d}
   (You bought it in a shop on level 10 of the Dungeon)
 B - an uncursed ring of poison resistance {rPois, !d}
   (You bought it in a shop on level 2 of the Elven Halls)
 E - a ring of protection from magic (left hand) {MR+, !d}
   (You found it on level 8 of the Dungeon)
 K - the ring "Ibleph" {*Corrode +Fly rF+ Dex+5}
   (You took it off a spriggan air mage in a wizard's laboratory)

   [ring of flight]

   It affects your dexterity (+5).
   It protects you from fire.
   It lets you fly.
   It may corrode you when you take damage.
 R - the macabre finger necklace {rN+}
   (You took it off a deep elf annihilator on level 3 of the Elven Halls)

   [amulet of nothing]

   It protects you from negative energy.
 X - an uncursed ring of resist corrosion
   (You found it on level 3 of the Elven Halls)
 Z - the amulet "Byacs" (around neck) {Reflect +Inv rPois rC+ Dex-2 SH+3}
   (You found it on level 3 of the Elven Halls)

   [amulet of reflection]

   It shields you and reflects attacks.
   It affects your dexterity (-2).
   It protects you from cold.
   It protects you from poison.
   It lets you turn invisible.
   It affects your SH (+3).
Wands
 s - a wand of polymorph (6)
   (You found it on level 1 of the Snake Pit)
 y - a wand of disintegration (9)
   (You found it on level 1 of the Lair of Beasts)
 z - a wand of paralysis (31)
   (You found it on level 5 of the Dungeon)
 G - a wand of digging (26)
   (You found it on level 2 of the Lair of Beasts)
 V - a wand of acid (1)
   (You found it in a Gauntlet)
Scrolls
 c - 3 scrolls of identify
 d - 6 scrolls of fog
 h - 18 scrolls of remove curse
 o - a scroll of silence
 q - 18 scrolls of teleportation
 A - 6 scrolls of summoning
 D - a scroll of blinking {!r}
 O - 4 scrolls of fear
 S - 7 scrolls of amnesia
 W - 4 scrolls of immolation {!r}
Potions
 g - 7 potions of heal wounds
 i - 5 potions of might
 j - 7 potions of brilliance
 k - 8 potions of flight
 l - 2 potions of magic
 n - 9 potions of agility
 r - 6 potions of haste
 t - 9 potions of curing
 v - 4 potions of mutation {!q}
 F - 3 potions of resistance
 H - a potion of ambrosia
 M - 7 potions of cancellation
 T - a potion of berserk rage {!q}
Miscellaneous
 C - a sack of spiders
 N - a lightning rod (4/4)
   (You found it on level 14 of the Dungeon)
 Q - a phial of floods
   (You found it on level 15 of the Dungeon)
 U - a box of beasts
 Y - a lamp of fire
   (You found it on level 1 of the Swamp)
Comestibles
 f - 33 rations


   Skills:
 + Level 17.6 Fighting
   Level 3.0(12.2) Axes
 + Level 17.6(17.7) Polearms
   Level 8.8 Bows
 - Level 12.9 Crossbows
 - Level 1.0 Throwing
 + Level 15.3 Dodging
 - Level 6.1 Hexes
 - Level 4.4 Summonings
 - Level 4.4 Translocations
 - Level 10.7 Evocations


You had 8 spell levels left.
You knew the following spells:

 Your Spells              Type           Power        Failure   Level  Hunger
a - Portal Projectile     Hex/Tloc       ###...       7%          3    ####...
b - Blink                 Tloc           N/A          4%          2    ###....
c - Tukima's Dance        Hex            ###.....     4%          3    ####...
g - Apportation           Tloc           ###...       3%          1    ##.....
B - Summon Butterflies    Summ           ###.....     3%          1    ##.....

Your spell library contained the following spells:

 Spells                   Type           Power        Failure   Level  Hunger
 Slow                     Hex            ###.....     2%          2    ###....
 Call Imp                 Summ           ###.....     4%          2    ###....
 Ensorcelled Hibernation  Hex/Ice        ##....       9%          2    ###....
 Gell's Gravitas          Tloc           ###.......   10%         3    ####...
 Lesser Beckoning         Tloc           ###.......   10%         3    ####...
 Cause Fear               Hex            ###.......   17%         4    #####..
 Dazzling Spray           Conj/Hex       ##....       19%         3    ####...
 Inner Flame              Hex/Fire       ##......     19%         3    ####...
 Animate Skeleton         Necr           N/A          21%         1    ##.....
 Beastly Appendage        Tmut           #.....       21%         1    ##.....
 Flame Tongue             Conj/Fire      #....        21%         1    ##.....
 Magic Dart               Conj           #...         21%         1    ##.....
 Sticks to Snakes         Tmut           #.......     30%         2    ###....
 Throw Flame              Conj/Fire      #.....       30%         2    ###....
 Conjure Flame            Conj/Fire      #.......     52%         3    ####...
 Mephitic Cloud           Conj/Pois/Air  #.......     52%         3    ####...
 Spider Form              Tmut/Pois      #.........   52%         3    ####...
 Static Discharge         Conj/Air       #.......     52%         3    ####...
 Summon Mana Viper        Hex/Summ       ###.....     54%         5    ######.
 Force Lance              Conj/Tloc      #.......     63%         4    #####..
 Metabolic Englaciation   Hex/Ice        ##........   86%         5    ######.
 Silence                  Hex/Air        ##........   86%         5    ######.
 Yara's Violent Unravell  Hex/Tmut       ##........   86%         5    ######.
 Airstrike                Air            #.........   90%         4    #####..
 Animate Dead             Necr           N/A          90%         4    #####..
 Ice Form                 Ice/Tmut       #.......     90%         4    #####..
 Sticky Flame             Conj/Fire      #.......     90%         4    #####..
 Invisibility             Hex            ###.....     95%         6    #######
 Alistair's Intoxication  Tmut/Pois      #.......     99%         5    ######.
 Blade Hands              Tmut           #.........   99%         5    ######.
 Dispel Undead            Necr           #.......     99%         5    ######.
 Fireball                 Conj/Fire      #.........   99%         5    ######.
 Lightning Bolt           Conj/Air       #.........   99%         5    ######.
 Dispersal                Tloc           ###.......   99%         6    #######
 Death Channel            Necr           #.........   100%        6    #######
 Deflect Missiles         Chrm/Air       #.........   100%        6    #######
 Malign Gateway           Summ/Tloc      ###.......   100%        7    #######
 Monstrous Menagerie      Summ           ###.......   100%        7    #######
 Summon Greater Demon     Summ           ###.......   100%        7    #######
 Controlled Blink         Tloc           N/A          100%        8    #######
 Discord                  Hex            ###.......   100%        8    #######
 Disjunction              Tloc           ###.......   100%        8    #######
 Ignition                 Fire           #.........   100%        8    #######
 Summon Horrible Things   Summ           ###.......   100%        8    #######
 Shatter                  Erth           #.........   100%        9    #######
 Tornado                  Air            #.........   100%        9    #######


Dungeon Overview and Level Annotations

Branches:
Dungeon (15/15)            Temple (0/1) D:7            Lair (6/6) D:9
  Swamp (4/4) Lair:3        Snake (4/4) Lair:2        Slime (0/5) Lair:6
    Orc (2/2) D:11            Elf (3/3) Orc:2        Vaults (1/5) D:13
 Depths (0/5) D:15

Altars:
Cheibriados
Dithmenos
Fedhas
Gozag
Hepliaklqana
Kikubaaqudgha
Makhleb
Vehumet
Xom
Beogh
Jiyva

Shops:
D:7 (   D:10 *   Orc:1 !   Orc:2 !![%:   Elf:1 [?=*   Elf:2 (:?=*   Snake:1 (
Snake:3 [

Annotations:
D:9 2 transporters, adept's ghost, novice OpBe
Elf:2 3 runed translucent doors
Vaults:1 3 runed translucent doors


Innate Abilities, Weirdness & Mutations

You can walk through water.
Your dull iron-grey scales are very hard. (AC +15)
You cannot fit into any form of body armour.
You can survive without breathing.
You are cold-blooded and may be slowed by cold attacks.
Your body sometimes deteriorates upon taking damage.


Message History

The slime creature quivers.
The deep troll bites you but does no damage.
The deep troll barely misses you. You block the deep troll's attack.
The deep troll barely misses you.
The deep troll claws you but does no damage.
The deep troll barely misses you.
You fade into invisibility!
You are very lightly contaminated with residual magic.
You feel quite a bit more hungry. The deep troll barely misses you. x2
The deep troll misses you. The deep troll completely misses you.
The deep troll misses you. x2
You now have 25/27 mp.
You impale the deep troll!!
The deep troll bites you but does no damage.
The deep troll completely misses you. You block the deep troll's attack.
The deep troll completely misses you. x2; The deep troll claws you!
You take 14 damage, and have 160/177 hp.
You hit the deep troll. The slime creature misses you.
You slash the deep troll! The deep troll misses you.
The deep troll completely misses you. The deep troll claws you!
The deep troll misses you.
The deep troll claws you but does no damage.
The deep troll closely misses you. The slime creature misses you.
You take 11 damage, and have 149/177 hp.
You slice the deep troll!!
You kill the deep troll!
The deep troll bites you. The deep troll claws you!
The deep troll claws you but does no damage.
The slime creature completely misses you.
You take 17 damage, and have 132/177 hp.
You puncture the deep troll! The deep troll misses you.
The deep troll claws you but does no damage.
The deep troll barely misses you.
You barely miss the deep troll.
The deep troll bites you but does no damage.
The deep troll claws you but does no damage.
The deep troll claws you! The slime creature misses you.
The deep troll misses you. The deep troll closely misses you.
The deep troll claws you but does no damage.
You take 8 damage, and have 124/177 hp.
You closely miss the deep troll.
The deep troll bites you but does no damage.
You block the deep troll's attack. The deep troll barely misses you.
The slime creature closely misses you. The deep troll bites you!
The deep troll claws you! The deep troll completely misses you.
You take 20 damage, and have 104/177 hp.
You are too injured to fight recklessly!
You are too injured to fight recklessly!
You are too injured to fight recklessly!
You impale the slime creature!! You slash the slime creature!
You tail-slap the slime creature.
The deep troll bites you but does no damage.
The deep troll completely misses you. x2; The slime creature barely misses you.
The deep troll misses you. The deep troll completely misses you.
The deep troll closely misses you.
You catch the helpless slime creature completely off-guard!
You impale the slime creature!!
You kill the slime creature!
The deep troll completely misses you. The deep troll misses you.
The deep troll claws you!
The deep troll completely misses you. x3
You take 15 damage, and have 90/177 hp.
You completely miss the deep troll. The deep troll completely misses you.
The deep troll claws you! The deep troll completely misses you.
You take 17 damage, and have 73/177 hp.
You impale the deep troll!! The deep troll barely misses you.
The deep troll misses you. The deep troll closely misses you.
MP restored: 27 You barely miss the deep troll.
The deep troll bites you! The deep troll barely misses you.
The deep troll closely misses you. You block the deep troll's attack.
The deep troll claws you!
* * * LOW HITPOINT WARNING * * *
The deep troll claws you!
* * * LOW HITPOINT WARNING * * *
You take 35 damage, and have 39/177 hp.
Unknown command.
You puncture the deep troll!
The deep troll becomes distracted by the nearby gold, dreaming of imaginary riches.
You closely miss the deep troll.
The deep troll is no longer distracted by gold.
The deep troll shouts!
The deep troll completely misses you. x2; The deep troll barely misses you.
You barely miss the deep troll. You tail-slap the deep troll.
The deep troll closely misses you. The deep troll claws you!
* * * LOW HITPOINT WARNING * * *
You block the deep troll's attack. The deep troll completely misses you.
The deep troll barely misses you. The deep troll closely misses you.
You take 11 damage, and have 29/177 hp.
Unknown command.
You impale the deep troll!!
You kill the deep troll!
The deep troll barely misses you. You block the deep troll's attack.
The deep troll claws you!
* * * LOW HITPOINT WARNING * * *
You take 11 damage, and have 18/177 hp.
You see here 17 gold pieces.
You hit the deep troll. You tail-slap the deep troll. You slash the deep troll!
You tail-slap the deep troll! The deep troll bites you!!
You die...
Your body crumbles into a pile of gold.

#......+ #..>..)#
#......# #......#
#......# #####......# #
...##'#####
#.####.#......#
#....#.'...T@.+
#.#..#.#..$∩$.#
#.#....#......#
#.####.+......#
#....T.#......#
##+#'######++##########
#..)..#.#....#.)#.#...#
#.....#.#....#.)'.)..(#
##'##'#.#....####.#####


You could see a deep troll.

Vanquished Creatures
  Nikola (Swamp:2)
  A Cloud Mage (WizLab)
  Rupert (D:15)
  A thorn hunter (Swamp:4)
  Roxanne (Elf:2)
  Kirke (Swamp:1)
  6 nagarajas
  A frost giant (IceCv)
  A deep elf sorcerer (Elf:1)
  2 very ugly things
  An ironheart preserver (Vaults:1)
  2 deep elf annihilators
  2 spark wasps (WizLab)
  A minotaur (Gauntlet)
  An ettin (D:15)
  A blizzard demon (WizLab)
  3 fire dragons (Swamp:4)
  The ghost of Hylith the Grappler, a journeyman TrFi of Makhleb (Orc:1)
  A deep elf high priest (Elf:3)
  A yaktaur captain (Vaults:1)
  15 hydras
  Harold (Lair:2)
  9 spriggan air magi (WizLab)
  Erolcha (Orc:2)
  12 naga warriors
  2 ghost crabs
  A catoblepas (D:13)
  3 centaur warriors
  Erica (Lair:1)
  A death knight (D:14)
  3 ogre magi
  12 anacondas
  13 two-headed ogres
  16 alligators
  3 death yaks (Lair:6)
  3 tengu warriors
  An orc high priest (Orc:1)
  7 shock serpents
  7 naga sharpshooters
  9 deep elf knights
  A salamander mystic (Snake:3)
  A fire crab (Swamp:4)
  A sixfirhy (Gauntlet)
  5 skeletal warriors (D:14)
  5 death drakes (WizLab)
  4 deep trolls
  7 swamp dragons
  6 naga ritualists
  8 deep elf archers
  2 lindwurms (Swamp:4)
  An ironbrand convoker (Vaults:1)
  4 wizards
  A phantasmal warrior (D:14)
  3 orc knights
  A wolf spider (Vaults:1)
  A necromancer (D:13)
  An oklob plant (Lair:5)
  10 mana vipers
  14 ugly things
  32 deep elf magi
  7 orc sorcerers
  6 cyclopes
  A manticore (D:12)
  A guardian serpent (Snake:4)
  6 salamanders
  9 elephants
  A vault sentinel (Vaults:1)
  22 naga magi
  Maurice (D:8)
  A centaur zombie (D:13)
  43 black mambas
  2 apocalypse crabs (WizLab)
  Psyche (D:9)
  A gargoyle (D:13)
  2 ice statues (IceCv)
  17 spiny frogs
  2 kobold demonologists
  5 rime drakes
  A freezing wraith (D:14)
  7 komodo dragons
  5 yaktaurs
  A jumping spider (shapeshifter) (Elf:1)
  15 polar bears (IceCv)
  3 wind drakes (WizLab)
  3 meliai (Gauntlet)
  2 tengu conjurers (D:11)
  10 hornets
  5 trolls
  Grinder (D:6)
  A wind drake (shapeshifter) (Elf:1)
  11 tyrant leeches
  4 bog bodies
  24 slime creatures
  14 blink frogs
  A harpy skeleton (D:15)
  6 hippogriffs
  2 meliai zombies
  Sigmund (D:6)
  11 air elementals (WizLab)
  8 spriggans
  A water elemental (Elf:2)
  A wraith (D:14)
  3 shadows
  36 yaks
  3 wyverns
  4 basilisks
  2 fire elementals
  4 hungry ghosts
  4 steam dragons (Swamp:4)
  A neqoxec (Gauntlet)
  37 vampire mosquitoes
  A chaos spawn (Gauntlet)
  7 wargs (Orc:1)
  Menkaure (D:7)
  17 swamp worms
  44 nagas
  4 insubstantial wisps (Swamp:4)
  A soldier ant (D:13)
  Duvessa (D:6)
  10 water moccasins
  A spectral troll (Orc:1)
  10 swamp drakes
  9 porcupines
  A black bear (shapeshifter) (D:14)
  4 black bears
  A necrophage (D:11)
  18 orc warriors
  14 ogres
  4 sky beasts
  A phantom (D:6)
  An ogre (shapeshifter) (Elf:2)
  26 wolves
  2 centaurs
  5 crocodiles
  Blork the orc (D:5)
  13 big kobolds
  8 bullfrogs
  A gnoll sergeant (D:5)
  Dowan (D:6)
  A spectral warg (Orc:1)
  2 earth elementals
  2 water moccasin zombies
  3 scorpions
  A water moccasin skeleton (D:5)
  9 killer bees
  3 howler monkeys
  3 electric eels (Lair:3)
  A lava snake (Swamp:4)
  5 crimson imps
  A bullfrog zombie (D:13)
  12 jellies
  17 orc priests
  A wyvern simulacrum (D:14)
  6 hounds
  44 orc wizards
  2 bullfrog skeletons
  5 centaur skeletons
  5 iguanas
  A warg simulacrum (Orc:1)
  2 spectral orcs (Orc:1)
  10 worker ants
  A howler monkey zombie (D:6)
  6 adders
  A howler monkey skeleton (D:7)
  4 gnolls (D:5)
  2 shadow imps
  3 ufetubi (Gauntlet)
  16 oozes
  2 orc simulacra (Orc:1)
  2 adder zombies
  5 adder skeletons
  3 worms
  2 dart slugs (D:1)
  6 leopard geckos
  87 orcs
  A ball python (D:4)
  6 bats
  2 giant cockroaches
  3 goblins
  9 hobgoblins
  8 jackals
  3 quokkas
  4 frilled lizards
  A jackal zombie (D:8)
  23 kobolds
  2 leopard gecko skeletons (D:4)
  A quokka skeleton (D:5)
  5 rats
  A butterfly (Lair:4)
  A fungus (Elf:1)
1171 creatures vanquished.

Vanquished Creatures (collateral kills)
  A deep elf blademaster (Elf:3)
  A deep elf master archer (Elf:3)
  A deep elf annihilator (Elf:3)
  2 deep elf high priests (Elf:3)
  An ogre mage (Orc:2)
  A naga sharpshooter (Snake:4)
  A shock serpent (Snake:4)
  An orc sorcerer (Orc:2)
  A naga ritualist (Snake:4)
  2 black mambas (Snake:4)
  A naga mage (Snake:4)
  6 nagas (Snake:4)
  An orc wizard (Orc:2)
20 creatures vanquished.

Vanquished Creatures (others)
  2 deep elf master archers (Elf:3)
  A nagaraja (Snake:4)
  3 deep elf sorcerers (Elf:3)
  A deep elf elementalist (Elf:3)
  4 deep elf annihilators (Elf:3)
  3 deep elf demonologists (Elf:3)
  3 naga sharpshooters (Snake:4)
  A deep elf high priest (Elf:3)
  A hydra (Swamp:4)
  An anaconda (Snake:4)
  A deep elf knight (Elf:1)
  A salamander (Snake:4)
  A wizard (D:15)
  5 deep elf magi
  A black mamba (Snake:4)
  4 naga magi (Snake:4)
  A wind drake (WizLab)
  3 steam dragons (Swamp:4)
  A human (Swamp:1)
  11 dancing weapons
  10 nagas (Snake:4)
  4 swamp drakes (Swamp:4)
  An orc wizard (Orc:2)
  An orc (Orc:2)
  A demonic plant (Gauntlet)
  7 fungi
  A plant (Lair:4)
74 creatures vanquished.

Grand Total: 1265 creatures vanquished

Notes
Turn   | Place    | Note
-------+----------+-------------------------------------------
     0 | D:1      | mhoghedin the Draconian Wanderer began the quest for the
                  | Orb.
     0 | D:1      | mhoghedin set off with the following items: a +2 shortbow,
                  | 18 arrows, a +0 hand axe, a potion of lignification {!q}, a
                  | ration
     0 | D:1      | Reached XP level 1. HP: 19/19 MP: 1/1
    93 | D:1      | Reached skill level 2 in Bows
   255 | D:1      | Reached XP level 2. HP: 26/26 MP: 2/2
   649 | D:1      | Reached skill level 3 in Bows
  1040 | D:2      | Reached XP level 3. HP: 31/31 MP: 3/3
  1285 | D:2      | Found an opulent altar of Gozag.
  1300 | D:2      | Found a burning altar of Makhleb.
  1303 | D:2      | Noticed a green death
  1330 | D:2      | Became a worshipper of Gozag Ym Sagoz the Greedy
  1658 | D:3      | HP: 7/31 [poisoned by kobold (curare-tipped dart)]
  2353 | D:3      | Reached XP level 4. HP: 38/38 MP: 4/4
  2480 | D:4      | Reached skill level 4 in Bows
  2685 | D:4      | Reached skill level 4 in Fighting
  2685 | D:4      | Reached XP level 5. HP: 34/46 MP: 5/5
  2792 | D:4      | Found a shimmering altar of Xom.
  2794 | D:4      | Found a shimmering altar of Xom.
  2810 | D:4      | Found a shimmering altar of Xom.
  2910 | D:4      | Reached skill level 5 in Fighting
  2910 | D:4      | Reached XP level 6. HP: 56/56 MP: 6/6
  2948 | D:4      | Reached skill level 5 in Bows
  3100 | D:4      | Found a shimmering altar of Xom.
  3100 | D:4      | Found a shimmering altar of Xom.
  3101 | D:4      | Found a shimmering altar of Xom.
  3101 | D:4      | Found a shimmering altar of Xom.
  3373 | D:5      | Entered Level 5 of the Dungeon
  3499 | D:5      | Your scales start taking on a dull iron-grey colour.
  3499 | D:5      | Reached XP level 7. HP: 62/62 MP: 7/7
  3499 | D:5      | Gained mutation: You can survive without breathing. [Grey
                  | Draconian growth]
  3677 | D:5      | Reached skill level 6 in Fighting
  3742 | D:5      | HP: 14/63 [gnoll sergeant/+1 spear of flaming (8)]
  3757 | D:5      | HP: 7/63 [gnoll sergeant/+1 spear of flaming (9)]
  3758 | D:5      | HP: 3/63 [gnoll sergeant/+1 spear of flaming (3)]
  3758 | D:5      | HP: 1/63 [gnoll sergeant/+1 spear of flaming (2)]
  4080 | D:5      | Noticed Blork the orc
  4089 | D:5      | Killed Blork the orc
  4089 | D:5      | Reached skill level 6 in Bows
  4398 | D:5      | Found an ancient bone altar of Kikubaaqudgha.
  4398 | D:5      | Found a shadowy altar of Dithmenos.
  4602 | D:6      | Reached skill level 7 in Fighting
  4617 | D:6      | Reached XP level 8. HP: 73/73 MP: 8/8
  4629 | D:6      | Noticed Dowan
  4631 | D:6      | Noticed Duvessa
  4648 | D:6      | Killed Duvessa
  4655 | D:6      | Killed Dowan
  4655 | D:6      | Reached skill level 7 in Bows
  4681 | D:6      | Reached skill level 8 in Fighting
  4723 | D:6      | Noticed Grinder
  4737 | D:6      | Killed Grinder
  4878 | D:6      | Reached skill level 9 in Fighting
  4878 | D:6      | Reached skill level 8 in Bows
  5021 | D:6      | Reached XP level 9. HP: 83/83 MP: 9/9
  5169 | D:6      | Noticed Sigmund
  5184 | D:6      | Killed Sigmund
  5651 | D:6      | Gained mutation: You occasionally shout uncontrollably at
                  | your foes. [potion of mutation]
  5651 | D:6      | Gained mutation: You are agile. (Dex +2) [potion of
                  | mutation]
  6139 | D:7      | Reached skill level 10 in Fighting
  6152 | D:7      | Found a staircase to the Ecumenical Temple.
  6188 | D:7      | Found Umimuc's Antique Weapon Emporium.
  6192 | D:7      | Bought a scorched broad axe for 288 gold pieces
  6192 | D:7      | Bought an ichor-stained halberd for 288 gold pieces
  6192 | D:7      | Identified the +11 halberd "Eqiaz" {chop, Dex+4} (You
                  | bought it in a shop on level 7 of the Dungeon)
  6193 | D:7      | Identified the +1 broad axe "Dowkonou" {chop, Str-3 Int+9}
                  | (You bought it in a shop on level 7 of the Dungeon)
  6216 | D:7      | Reached skill level 1 in Polearms
  6333 | D:7      | Noticed Menkaure
  6335 | D:7      | Killed Menkaure
  6335 | D:7      | Reached skill level 2 in Polearms
  6542 | D:8      | Reached skill level 3 in Polearms
  6607 | D:8      | Noticed a green ugly thing
  6632 | D:8      | Killed a green ugly thing
  6632 | D:8      | Reached skill level 4 in Polearms
  6632 | D:8      | Reached skill level 2 in Dodging
  6664 | D:8      | Noticed Maurice
  6670 | D:8      | Killed Maurice
  6670 | D:8      | Reached skill level 5 in Polearms
  6670 | D:8      | Reached skill level 3 in Dodging
  6843 | D:8      | Reached XP level 10. HP: 85/93 MP: 10/10
  6874 | D:8      | Found a snail-covered altar of Cheibriados.
  6951 | D:8      | Identified Sif Muna's Handbook of Captivating Flight
  7790 | D:9      | Found a staircase to the Lair.
  7802 | D:9      | Noticed adept's ghost (novice OpBe)
  7931 | D:9      | Found a transporter.
  7946 | D:9      | Noticed Psyche
  7948 | D:9      | Reached skill level 4 in Dodging
  7955 | D:9      | Killed Psyche
  7955 | D:9      | Reached skill level 6 in Polearms
  8016 | D:9      | Noticed a two-headed ogre
  8022 | D:9      | Killed a two-headed ogre
  8022 | D:9      | Reached skill level 5 in Dodging
  8202 | D:9      | Reached skill level 7 in Polearms
  8418 | D:9      | Noticed a two-headed ogre
  8422 | D:9      | Killed a two-headed ogre
  8422 | D:9      | Reached skill level 6 in Dodging
  8435 | D:9      | Found a transporter.
  8554 | D:10     | Entered Level 10 of the Dungeon
  8637 | D:10     | Reached skill level 8 in Polearms
  8856 | D:10     | Found Fagy's Assorted Antiques.
  8873 | D:10     | Bought a triangular ruby amulet for 145 gold pieces
  8873 | D:10     | Bought a triangular filigree amulet for 145 gold pieces
  8958 | D:10     | Reached XP level 11. HP: 81/99 MP: 11/11
  9135 | Lair:1   | Entered Level 1 of the Lair of Beasts
  9187 | Lair:1   | Noticed Erica
  9199 | Lair:1   | Killed Erica
  9199 | Lair:1   | Reached skill level 7 in Dodging
  9375 | Lair:1   | Reached skill level 9 in Polearms
  9691 | Lair:1   | Reached skill level 8 in Dodging
  9956 | Lair:2   | Reached skill level 10 in Polearms
 10076 | Lair:2   | Found a staircase to the Snake Pit.
 10097 | Lair:2   | Noticed a four-headed hydra
 10098 | Lair:2   | Reached skill level 9 in Dodging
 10125 | Lair:2   | Killed a four-headed hydra
 10311 | Lair:2   | Reached XP level 12. HP: 106/107 MP: 12/12
 10429 | Lair:2   | Noticed Harold
 10438 | Lair:2   | Killed Harold
 10746 | Lair:3   | Reached skill level 11 in Polearms
 10798 | Lair:3   | Reached skill level 11 in Fighting
 10980 | Lair:3   | Reached skill level 10 in Dodging
 11448 | Lair:3   | Found a staircase to the Swamp.
 11668 | Lair:4   | Identified the +5 trident "Lociton" {venom, rN+++ Int-3
                  | Dex+5} (You found it on level 4 of the Lair of Beasts)
 11851 | Lair:4   | Reached skill level 12 in Fighting
 11980 | Lair:4   | Reached skill level 12 in Polearms
 12346 | Lair:4   | Reached XP level 13. HP: 118/118 MP: 13/13
 12608 | Lair:5   | Identified the +7 hand axe "Urexzom" {pain, Int+3} (You
                  | found it on level 5 of the Lair of Beasts)
 12946 | Lair:5   | Found a shimmering altar of Xom.
 12958 | Lair:5   | Reached skill level 2 in Evocations
 13307 | Lair:6   | Entered Level 6 of the Lair of Beasts
 13325 | Lair:6   | Reached skill level 3 in Evocations
 13397 | Lair:6   | Reached skill level 4 in Evocations
 13405 | Lair:6   | Found a viscous altar of Jiyva.
 13407 | Lair:6   | Found a staircase to the Slime Pits.
 13545 | Lair:6   | Reached skill level 5 in Evocations
 13864 | Lair:6   | Reached skill level 6 in Evocations
 14307 | D:11     | HP: 28/119 [six-headed hydra (4)]
 14512 | D:11     | Reached skill level 7 in Evocations
 14653 | D:11     | Reached skill level 8 in Evocations
 14778 | D:11     | Found a staircase to the Orcish Mines.
 14919 | D:11     | Reached skill level 9 in Evocations
 15443 | D:12     | Learned a level 2 spell: Blink
 15447 | D:12     | Learned a level 3 spell: Portal Projectile
 15449 | D:12     | Learned a level 1 spell: Apportation
 15451 | D:12     | Learned a level 1 spell: Summon Butterflies
 15617 | D:12     | Reached skill level 1 in Summonings
 15617 | D:12     | Reached skill level 1 in Translocations
 15646 | D:12     | Reached skill level 1 in Hexes
 15820 | D:13     | Reached skill level 2 in Summonings
 15820 | D:13     | Reached skill level 2 in Translocations
 15917 | D:13     | Reached skill level 2 in Hexes
 15990 | D:13     | Found a gate to the Vaults.
 16070 | D:13     | Reached XP level 14. HP: 125/127 MP: 20/20
 16076 | D:13     | Reached skill level 3 in Summonings
 16100 | D:13     | Reached skill level 3 in Translocations
 16170 | D:13     | Reached skill level 3 in Hexes
 16261 | D:13     | Lost mutation: You occasionally shout uncontrollably at
                  | your foes. [potion of mutation]
 16261 | D:13     | Lost mutation: You are agile. (Dex +2) [potion of mutation]
 16261 | D:13     | Gained mutation: You are weak. (Str -2) [potion of
                  | mutation]
 16261 | D:13     | Gained mutation: You have sharp toenails. [potion of
                  | mutation]
 16262 | D:13     | Lost mutation: You have sharp toenails. [potion of
                  | mutation]
 16262 | D:13     | Lost mutation: You are weak. (Str -2) [potion of mutation]
 16262 | D:13     | Gained mutation: Scrolls take you a little longer to read.
                  | [potion of mutation]
 16262 | D:13     | Gained mutation: You possess an exceptional clarity of
                  | mind. [potion of mutation]
 16263 | D:13     | Lost mutation: You possess an exceptional clarity of mind.
                  | [potion of mutation]
 16263 | D:13     | Lost mutation: Scrolls take you a little longer to read.
                  | [potion of mutation]
 16263 | D:13     | Gained mutation: Your body sometimes deteriorates upon
                  | taking damage. [potion of mutation]
 16263 | D:13     | Gained mutation: You are robust. (+10% HP) [potion of
                  | mutation]
 16700 | D:14     | Reached skill level 4 in Summonings
 16704 | D:14     | Reached skill level 4 in Translocations
 16788 | D:14     | Found a shadowy altar of Dithmenos.
 16803 | D:14     | Reached skill level 4 in Hexes
 17102 | D:14     | Reached skill level 11 in Dodging
 17734 | D:15     | Entered Level 15 of the Dungeon
 17838 | D:15     | Noticed Rupert
 17852 | D:15     | Found a blossoming altar of Fedhas.
 17873 | D:15     | Found a gate leading to a gauntlet.
 17886 | D:15     | Reached skill level 13 in Fighting
 17915 | Gauntlet | Entered a Gauntlet
 17915 | Gauntlet | Found a transporter.
 17930 | Gauntlet | Found a transporter.
 17933 | Gauntlet | Found a transporter.
 17941 | Gauntlet | Found a transporter.
 17943 | Gauntlet | Found a transporter.
 17951 | Gauntlet | Found a transporter.
 17977 | Gauntlet | Found a transporter.
 17977 | Gauntlet | Found a runed translucent gate.
 17978 | Gauntlet | Found a runed translucent gate.
 17979 | Gauntlet | Found a runed translucent gate.
 17989 | Gauntlet | Found a transporter.
 18030 | Gauntlet | Found a transporter.
 18210 | Gauntlet | Got a distressingly furry hat
 18221 | Gauntlet | Identified the +1 hat "Foirirph" {*Contam rC+ MR- Str+8}
                  | (You found it in a Gauntlet)
 18225 | Gauntlet | Found a transporter.
 18250 | Gauntlet | Reached skill level 13 in Polearms
 18319 | D:15     | Killed Rupert
 18358 | D:15     | Reached XP level 15. HP: 74/149 MP: 21/21
 18559 | D:15     | Reached skill level 12 in Dodging
 18655 | D:15     | Found a staircase to the Depths.
 19330 | Swamp:1  | Entered Level 1 of the Swamp
 19546 | Orc:1    | Entered Level 1 of the Orcish Mines
 19629 | Orc:1    | Reached skill level 14 in Fighting
 19673 | Orc:1    | Found a runed translucent gate.
 19673 | Orc:1    | Found a runed translucent gate.
 19673 | Orc:1    | Found a runed translucent gate.
 19770 | Orc:1    | Noticed Hylith's ghost (journeyman TrFi)
 19890 | Orc:1    | Found Loirch's Distillery.
 19900 | Orc:1    | Found a frozen archway.
 19910 | IceCv    | Entered an ice cave
 20107 | IceCv    | Got a warped hat
 20109 | IceCv    | Got a slimy glaive
 20110 | IceCv    | Identified the +7 glaive "Kudghi" {chop, Dex+4} (You found
                  | it in an ice cave)
 20117 | IceCv    | Lost mutation: You are robust. (+10% HP) [mutagenic glow]
 20121 | IceCv    | Identified the +1 hat "Sahebimp" {rElec rF+ Int+8 Slay-2}
                  | (You found it in an ice cave)
 20133 | IceCv    | Noticed a frost giant
 20154 | IceCv    | Killed a frost giant
 20243 | IceCv    | Reached skill level 14 in Polearms
 20740 | Orc:2    | Entered Level 2 of the Orcish Mines
 20761 | Orc:2    | Found a radiant altar of Vehumet.
 20981 | Orc:2    | Found Venups's Food Shoppe.
 21066 | Orc:2    | Found a staircase to the Elven Halls.
 21250 | Orc:2    | Found Giraukk's Book Boutique.
 21324 | Orc:2    | Found an ancient bone altar of Kikubaaqudgha.
 21376 | Orc:2    | Found a radiant altar of Vehumet.
 21376 | Orc:2    | Noticed Erolcha
 21386 | Orc:2    | Killed Erolcha
 21443 | Orc:2    | Found a roughly hewn altar of Beogh.
 21443 | Orc:2    | Found Juxirr's Distillery.
 21700 | Orc:2    | Found Ylo Lu Lae's Antique Armour Boutique.
 21708 | Orc:2    | Found Imukuazu's Distillery.
 21787 | Orc:2    | Bought an embroidered cloak for 195 gold pieces
 21820 | Orc:2    | Bought 2 potions of cancellation for 240 gold pieces
 21820 | Orc:2    | Bought 2 potions of might for 120 gold pieces
 21820 | Orc:2    | Bought a potion of brilliance for 60 gold pieces
 21820 | Orc:2    | Bought a potion of resistance for 150 gold pieces
 21820 | Orc:2    | Bought a potion of curing for 45 gold pieces
 21820 | Orc:2    | Bought a potion of resistance for 150 gold pieces
 21820 | Orc:2    | Bought a potion of ambrosia for 120 gold pieces
 21820 | Orc:2    | Bought a potion of haste for 150 gold pieces
 21820 | Orc:2    | Bought a potion of curing for 45 gold pieces
 21820 | Orc:2    | Bought a potion of curing for 45 gold pieces
 21832 | Orc:2    | Bought a potion of heal wounds for 80 gold pieces
 21832 | Orc:2    | Bought a potion of heal wounds for 80 gold pieces
 21832 | Orc:2    | Bought a potion of heal wounds for 80 gold pieces
 21832 | Orc:2    | Bought a potion of curing for 48 gold pieces
 21832 | Orc:2    | Bought a potion of curing for 48 gold pieces
 21832 | Orc:2    | Bought a potion of heal wounds for 80 gold pieces
 21832 | Orc:2    | Bought a potion of agility for 64 gold pieces
 21832 | Orc:2    | Bought a potion of heal wounds for 80 gold pieces
 21958 | Orc:1    | Killed Hylith's ghost
 22283 | Swamp:1  | Noticed Kirke
 22297 | Swamp:1  | Killed Kirke
 22317 | Swamp:1  | Reached skill level 13 in Dodging
 22321 | Swamp:1  | HP: 31/139 [alligator (14)]
 22848 | Swamp:1  | Reached skill level 15 in Fighting
 22972 | Swamp:1  | Reached XP level 16. HP: 105/149 MP: 22/22
 23340 | Swamp:2  | Noticed Nikola
 23356 | Swamp:2  | Killed Nikola
 24825 | Swamp:3  | Reached skill level 15 in Polearms
 24829 | Swamp:3  | HP: 34/149 [acid (8)]
 25147 | Swamp:3  | Reached skill level 10 in Evocations
 25356 | Swamp:4  | Entered Level 4 of the Swamp
 25563 | Swamp:4  | Noticed a thorn hunter
 25704 | Swamp:4  | Killed a thorn hunter
 26459 | Swamp:4  | Got a decaying rune of Zot
 26566 | Swamp:4  | Reached skill level 16 in Fighting
 26988 | Swamp:4  | Reached skill level 14 in Dodging
 27105 | Snake:1  | Entered Level 1 of the Snake Pit
 27136 | Lair:2   | HP: 37/151 [anaconda (3)]
 27141 | Lair:2   | HP: 36/151 [poisoned by a naga (splash of poison)]
 27146 | Lair:2   | HP: 24/151 [poisoned by a naga (splash of poison)]
 27146 | Lair:2   | HP: 5/151 [anaconda (19)]
 27152 | Lair:2   | HP: 41/226 [poisoned by a naga (splash of poison)]
 27157 | Lair:2   | HP: 30/151 [poisoned by a naga (splash of poison)]
 27162 | Lair:1   | HP: 34/151 [poisoned by a naga (splash of poison)]
 27318 | Lair:1   | Learned a level 3 spell: Tukima's Dance
 27830 | Snake:1  | Reached skill level 5 in Hexes
 27830 | Snake:1  | Reached XP level 17. HP: 158/158 MP: 15/25
 28136 | Snake:1  | Found Esinuon's Antique Weapon Shop.
 28140 | Snake:1  | Reached skill level 6 in Hexes
 28164 | Snake:1  | Bought a jewelled arbalest for 285 gold pieces
 28164 | Snake:1  | Identified the cursed +2 arbalest of Imoshremeg {penet,
                  | +Fly rC+ Str-4 Dex+6} (You bought it in a shop on level 1
                  | of the Snake Pit)
 28847 | Orc:2    | Bought a ration for 50 gold pieces
 28847 | Orc:2    | Bought a ration for 50 gold pieces
 28847 | Orc:2    | Bought a ration for 50 gold pieces
 28847 | Orc:2    | Bought a ration for 50 gold pieces
 28847 | Orc:2    | Bought a ration for 50 gold pieces
 28847 | Orc:2    | Bought a ration for 50 gold pieces
 28847 | Orc:2    | Bought a ration for 50 gold pieces
 28847 | Orc:2    | Bought a ration for 50 gold pieces
 28847 | Orc:2    | Bought a ration for 50 gold pieces
 28847 | Orc:2    | Bought a ration for 50 gold pieces
 28847 | Orc:2    | Bought a ration for 50 gold pieces
 28847 | Orc:2    | Bought a ration for 50 gold pieces
 28859 | Elf:1    | Entered Level 1 of the Elven Halls
 28866 | Elf:1    | Reached skill level 1 in Crossbows
 28883 | Orc:2    | Reached skill level 2 in Crossbows
 28958 | Elf:1    | Reached skill level 3 in Crossbows
 28989 | Elf:1    | Found Otaetu's Antique Armour Shoppe.
 29012 | Elf:1    | Reached skill level 4 in Crossbows
 29100 | Elf:1    | Reached skill level 5 in Crossbows
 29157 | Elf:1    | Reached skill level 6 in Crossbows
 29370 | Elf:1    | Found Hawnayqeits's Magic Scroll Shop.
 29370 | Elf:1    | Found Dasywn's Jewellery Shoppe.
 29408 | Elf:1    | Found Botuill's Assorted Antiques.
 29516 | Elf:1    | Found Ivagihess's Food Emporium.
 29521 | Elf:1    | Bought a ration for 65 gold pieces
 29521 | Elf:1    | Bought a ration for 65 gold pieces
 29521 | Elf:1    | Bought a ration for 65 gold pieces
 29521 | Elf:1    | Bought a ration for 65 gold pieces
 29521 | Elf:1    | Bought a ration for 65 gold pieces
 29521 | Elf:1    | Bought a ration for 65 gold pieces
 29521 | Elf:1    | Bought a ration for 65 gold pieces
 29521 | Elf:1    | Bought a ration for 65 gold pieces
 29678 | Elf:1    | Reached skill level 7 in Crossbows
 30594 | Snake:1  | Reached skill level 8 in Crossbows
 30657 | Lair:2   | HP: 38/158 [poisoned by a black mamba]
 30662 | Lair:2   | HP: 31/158 [poisoned by a black mamba]
 30667 | Lair:2   | HP: 27/158 [poisoned by a black mamba]
 30672 | Lair:2   | HP: 25/158 [poisoned by a black mamba]
 30677 | Lair:2   | HP: 25/158 [poisoned by a black mamba]
 30682 | Lair:2   | HP: 26/158 [poisoned by a black mamba]
 30687 | Lair:2   | HP: 28/158 [poisoned by a black mamba]
 30694 | Lair:2   | HP: 31/158 [poisoned by a black mamba]
 30702 | Lair:2   | HP: 35/158 [poisoned by a black mamba]
 31063 | Elf:1    | Bought a blackened glass ring for 165 gold pieces
 31310 | Snake:1  | Reached skill level 16 in Polearms
 31315 | Snake:1  | Identified the +2 troll leather armour of Relativism {rC+
                  | MR- Regen+ Dex+3}
 31332 | Snake:1  | Reached skill level 9 in Crossbows
 31894 | Snake:2  | Reached skill level 10 in Crossbows
 32017 | Snake:2  | Found an opulent altar of Gozag.
 33305 | Snake:3  | Reached skill level 11 in Crossbows
 33678 | Snake:3  | Reached XP level 18. HP: 138/166 MP: 26/26
 33723 | Snake:3  | Found Zask's Antique Armour Shop.
 34605 | Snake:4  | Entered Level 4 of the Snake Pit
 34656 | Snake:4  | Found a hazy altar of Hepliaklqana.
 35140 | Snake:4  | Reached skill level 12 in Crossbows
 35762 | Snake:4  | HP: 23/168 [nagaraja/poison arrow (36)]
 35829 | Snake:4  | Got a serpentine rune of Zot
 36526 | Elf:2    | Found Qioretri's Antique Weapon Shoppe.
 36574 | Elf:2    | Identified Roxanne's Papyrus of the Mountains
 36574 | Elf:2    | Noticed Roxanne
 36575 | Elf:2    | Found Xeskoser's Book Shop.
 36578 | Elf:2    | Found a magical portal.
 36612 | WizLab   | Entered The Chambers of the Cloud Mage
 36749 | WizLab   | Reached skill level 17 in Polearms
 37335 | WizLab   | Reached skill level 17 in Fighting
 37433 | WizLab   | Identified the ring "Ibleph" {*Corrode +Fly rF+ Dex+5}
 37483 | WizLab   | Noticed Loihifib
 37575 | WizLab   | Killed Loihifib the Cloud Mage
 37641 | WizLab   | Identified the Catalogue of the Birds
 37649 | WizLab   | Identified the Volume of Necromancy
 37831 | Elf:2    | Killed Roxanne
 37893 | Elf:2    | Found Imuofal's Magic Scroll Boutique.
 37936 | Elf:2    | Found Zeog's Jewellery Emporium.
 38103 | Elf:2    | Bought an uncursed ring of poison resistance for 420 gold
                  | pieces
 38180 | Elf:2    | Found Heselog's General Store.
 38282 | Elf:2    | Found a runed translucent gate.
 38282 | Elf:2    | Found a runed translucent gate.
 38294 | Elf:2    | Found a runed translucent gate.
 38355 | Elf:2    | Reached skill level 15 in Dodging
 38456 | Elf:3    | Entered Level 3 of the Elven Halls
 38501 | Elf:3    | Found a radiant altar of Vehumet.
 38633 | Elf:3    | Identified the amulet "Byacs" {Reflect +Inv rPois rC+ Dex-2
                  | SH+3}
 38662 | Elf:3    | Got a smoking granite ring
 38794 | Elf:3    | Identified the ring of Fedhas's Wrath {*Tele Str+3} (You
                  | found it on level 3 of the Elven Halls)
 38859 | Elf:3    | Identified the Volume of Creative Stolen Souls
 39523 | Vaults:1 | Entered Level 1 of the Vaults
 39578 | Vaults:1 | Reached XP level 19. HP: 159/177 MP: 27/27
 39730 | Vaults:1 | Found a runed translucent gate.
 39730 | Vaults:1 | Found a runed translucent gate.
 39730 | Vaults:1 | Found a runed translucent gate.
 39840 | Vaults:1 | Paralysed by a hornet for 3 turns
 39842 | Vaults:1 | HP: 43/177 [slime creature (3)]
 39847 | Vaults:1 | HP: 42/177 [large slime creature (1)]
 39852 | Vaults:1 | HP: 42/177 [poisoned by a wolf spider]
 39860 | Vaults:1 | HP: 43/177 [poisoned by a wolf spider]
 40231 | Vaults:1 | HP: 39/177 [deep troll[an ironheart preserver] (13)]
 40235 | Vaults:1 | HP: 18/177 [deep troll[an ironheart preserver] (11)]
 40238 | Vaults:1 | Slain by a deep troll

Levels and vault maps discovered:
D:1:      onia_arrival_mini_maze, layout_loops_corners, moated_statue,
          amethyst_killhole, grunt_decor_mini_mirrors
D:2:      wad_pebble_path, layout_basic, overflow_temple_1_default,
          makhleb_altar_promises_db
D:3:      layout_basic
D:4:      layout_basic, first_ration, grunt_decor_arrowhead, xom_redecorated
D:5:      layout_cave_pools, gammafunk_temple_overflow_pools, lightli_minifort,
          uniq_blork_the_orc
D:6:      layout_basic, uniq_sigmund, uniq_duvessa, uniq_grinder
D:7:      layout_basic, minmay_temple_entry_overgrown, serial_shops, shop,
          uniq_menkaure
D:8:      layout_layer_cave, cheibriados_altar_1, uniq_maurice
D:9:      layout_irregular_city, lair_entry_dummy, gammafunk_ghost_stat_death,
          uniq_psyche
D:10:     layout_roguey, serial_shops, shop
D:11:     layout_gridville, orc_0_dummy, special_room [special_room_kobold],
          grunt_tengu_nest
D:12:     layout_roguey, kennysheep_generic_room_4
D:13:     layout_roguey, david_vaults_1
D:14:     layout_basic, nicolae_dithmenos_shadow_blocks
D:15:     hangedman_depths_entry_civil_slaughter, layout_loops_ring,
          fedhas_altar_2, gauntlet_entry_generic, uniq_rupert
Lair:1:   lemuel_slime, layout_regular_city, uniq_erica
Lair:2:   layout_long_grid, dummy_snake_entry, st_stairs_9, beast_lair_carwin_4,
          serial_bayou_shore_b, infiniplex_staircase_pool_2, uniq_harold
Lair:3:   layout_gridlike, nicolae_swamp_entry_splash_gauntlet
Lair:4:   layout_loops_ring, lemuel_fruit_fields
Lair:5:   layout_roguey, lemuel_oklob_altar, serial_bayou_shore_b
Lair:6:   wormcave, layout_small_grid, slime_altar_1, small_statue_intersection,
          patterned_corridor, grunt_megastairs_2
Swamp:1:  layout_basic_swamp, nicolae_swamp_round_clearing, uniq_kirke
Swamp:2:  layout_basic_swamp, hangedman_swamp_diagram, swamp_pool3, uniq_nikola
Swamp:3:  layout_basic_swamp, hangedman_swamp_pad
Swamp:4:  swamp_fiery, layout_basic_swamp
Snake:1:  layout_rooms, serial_shops, nicolae_shop_crystal, drop_trap,
          st_stairs_10, eino_curves_03, hangedman_snake_sidewinding
Snake:2:  layout_chambers, basic_altar, serial_bayou_crossing, lemuel_fruit_tree
Snake:3:  layout_concentric_octagons, serial_shops,
          nicolae_shop_overgrown_old_shop
Snake:4:  minmay_snake_end_coiled, layout_misc_corridors, basic_altar
Orc:1:    layout_caves, serial_shops, shop_fountains,
          gammafunk_ghost_necromancy, portal_ice_cave_entry_pillars_1
Orc:2:    kennysheep_orc_mage_school, layout_diamond_mine, serial_shops,
          shop_fountains, basic_altar
Elf:1:    minmay_elf_arrival_plus, layout_geoelf_grid, serial_shops,
          nicolae_shop_crystal, shop_fountains, shop, shop,
          nicolae_shop_overgrown_old_shop, minivault_28
Elf:2:    layout_geoelf_grid, lightli_enter_wizlab_magi_temple, serial_shops,
          nicolae_shop_waterfront, nicolae_shop_trees, shop, shop_fountains,
          nicolae_shop_waterfront, uniq_roxanne
Elf:3:    minmay_elf_hall_furrowed, layout_loops_cross, basic_altar
Vaults:1: gammafunk_vaults_ghost_tricky_traps, nicolae_vaults_alarming,
          hangedman_vaults_nodes, v_rooms_2, nicolae_vaults_little_ls,
          nicolae_vaults_ninety_degrees, v_misc_17, vaults_dpeg_hooks,
          ontoclasm_vaults_bender, v_misc_27, nicolae_vaults_border_crossing,
          st_lattice, nicolae_vaults_bisected_slash, layout_vaults_omnicross

Skill      XL: |  1  2  3  4  5  6  7  8  9 10 11 12 13 14 15 16 17 18 |
---------------+-------------------------------------------------------+-----
Bows           | 2 3 4 5 6 8 |  8.8
Fighting       | 4 5 7 9 10 12 13 15 16 17 | 17.6
Polearms       | 5 8 10 12 13 14 15 16 17 | 17.6
Dodging        | 3 6 9 10 11 13 14 15 | 15.3
Evocations     | 9 10 | 10.7
Summonings     | 2 4 |  4.4
Translocations | 2 4 |  4.4
Hexes          | 2 4 5 6 |  6.1
Crossbows      | 11 12 | 12.9
Axes           | |  3.0
Throwing       | |  1.0

Action                   |  1- 3 |  4- 6 |  7- 9 | 10-12 | 13-15 | 16-18 | 19-21 || total
-------------------------+-------+-------+-------+-------+-------+-------+-------++-------
Melee: Halberd           |       |       |    34 |   493 |   913 |  1102 |   109 ||  2651
       Tailslap          |       |       |     4 |    51 |   180 |   238 |    24 ||   497
       Glaive            |       |       |       |       |   300 |   407 |       ||   707
       Trident           |       |       |       |       |       |    71 |       ||    71
 Fire: Shortbow          |   111 |   121 |   275 |    23 |    73 |     9 |       ||   612
       Arbalest          |       |       |       |       |       |   181 |       ||   181
Throw: Dart              |       |       |       |       |       |     1 |       ||     1
       Throwing net      |       |       |       |       |       |     1 |       ||     1
 Cast: Blink             |       |       |       |       |     2 |     7 |       ||     9
       Summon Butterflie |       |       |       |       |     2 |       |       ||     2
       Tukima's Dance    |       |       |       |       |       |    28 |       ||    28
Invok: Potion Petition   |       |       |     1 |     1 |     4 |     2 |       ||     8
       Bribe Branch      |       |       |       |       |       |     2 |       ||     2
 Abil: Evoke Invisibilit |       |       |       |       |       |       |     1 ||     1
Evoke: Wand              |       |       |     1 |     4 |     8 |    12 |       ||    25
       Lightning rod     |       |       |       |       |     7 |       |       ||     7
       Phial of floods   |       |       |       |       |     1 |     1 |       ||     2
       Lamp of fire      |       |       |       |       |       |     3 |       ||     3
  Use: Potion            |       |       |     6 |     2 |     7 |    18 |       ||    33
       Scroll            |       |       |    16 |    10 |    10 |    21 |     1 ||    58
 Stab: Sleeping          |       |       |     2 |     4 |     6 |     3 |     2 ||    17
       Paralysed         |       |       |       |     3 |     4 |    14 |       ||    21
       Distracted        |       |       |       |     3 |    12 |    25 |       ||    40
       Invisible         |       |       |       |       |    10 |    17 |     1 ||    28
       Confused          |       |       |       |       |     4 |     1 |       ||     5
  Eat: Ration            |     1 |     1 |     3 |     5 |    11 |    18 |     1 ||    40
       Chunk             |     1 |       |       |       |       |       |       ||     1
Armor: Skin              |     8 |     9 |    55 |   131 |   338 |   461 |    35 ||  1037
Dodge: Dodged            |    20 |    19 |    61 |   351 |  1020 |  1348 |   145 ||  2964
Block: Other             |       |       |       |       |       |       |     7 ||     7

Table legend:
 A = Non-vault XP
 B = Vault XP
 C = Vault XP percentage of total XP
 D = Non-vault monster count
 E = Vault monster count
 F = Vault count percentage of total count
                 A         B        C        D         E       F
            +---------+---------+-------+---------+---------+-------
      Total |  244975 |  147184 |  37.5 |     880 |     332 |  27.4
            +---------+---------+-------+---------+---------+-------
        D:1 |      31 |       0 |   0.0 |      17 |       0 |   0.0
        D:2 |      42 |       0 |   0.0 |      17 |       0 |   0.0
        D:3 |      29 |       0 |   0.0 |      10 |       0 |   0.0
        D:4 |     354 |       0 |   0.0 |      23 |       0 |   0.0
        D:5 |     343 |     238 |  41.0 |      15 |       6 |  28.6
        D:6 |    1580 |     743 |  32.0 |      36 |       4 |  10.0
        D:7 |     476 |     175 |  26.9 |      20 |       1 |   4.8
        D:8 |    1551 |     469 |  23.2 |      34 |       1 |   2.9
        D:9 |    2897 |     424 |  12.8 |      26 |       1 |   3.7
       D:10 |    1833 |       0 |   0.0 |      22 |       0 |   0.0
       D:11 |    7072 |    1813 |  20.4 |      30 |      19 |  38.8
       D:12 |    3697 |      13 |   0.4 |      18 |       1 |   5.3
       D:13 |    6987 |    2074 |  22.9 |      33 |       3 |   8.3
       D:14 |   13245 |       0 |   0.0 |      40 |       0 |   0.0
       D:15 |   18329 |    8256 |  31.1 |      51 |       7 |  12.1
     Lair:1 |    2708 |    1566 |  36.6 |      15 |      23 |  60.5
     Lair:2 |    7160 |    4570 |  39.0 |      24 |      11 |  31.4
     Lair:3 |    9436 |     328 |   3.4 |      34 |       2 |   5.6
     Lair:4 |    5735 |       0 |   0.0 |      26 |       0 |   0.0
     Lair:5 |    2511 |     580 |  18.8 |       7 |       1 |  12.5
     Lair:6 |    5619 |     826 |  12.8 |      12 |       2 |  14.3
    Swamp:1 |   14747 |    2005 |  12.0 |      38 |       1 |   2.6
    Swamp:2 |    7932 |    3861 |  32.7 |      24 |       1 |   4.0
    Swamp:3 |   14486 |    2627 |  15.4 |      37 |       3 |   7.5
    Swamp:4 |   12580 |   12426 |  49.7 |      29 |      19 |  39.6
    Snake:1 |   10448 |   13937 |  57.2 |      25 |      21 |  45.7
    Snake:2 |   16416 |       0 |   0.0 |      33 |       0 |   0.0
    Snake:3 |   23558 |       0 |   0.0 |      41 |       0 |   0.0
    Snake:4 |    8422 |   14568 |  63.4 |      24 |      33 |  57.9
      Orc:1 |    5486 |    1361 |  19.9 |      37 |       8 |  17.8
      Orc:2 |    2824 |    7915 |  73.7 |      24 |      33 |  57.9
      Elf:1 |   14699 |    8830 |  37.5 |      23 |      16 |  41.0
      Elf:2 |   11069 |    3929 |  26.2 |      17 |       3 |  15.0
      Elf:3 |    1339 |    7885 |  85.5 |       4 |      15 |  78.9
   Vaults:1 |    9334 |    7841 |  45.7 |      14 |      12 |  46.2
      IceCv |       0 |    9758 | 100.0 |       0 |      36 | 100.0
     WizLab |       0 |   24876 | 100.0 |       0 |      39 | 100.0
   Gauntlet |       0 |    3290 | 100.0 |       0 |      10 | 100.0
            +---------+---------+-------+---------+---------+-------

Levels and vault maps discovered:
D:1:      onia_arrival_mini_maze, layout_loops_corners, moated_statue,
          amethyst_killhole, grunt_decor_mini_mirrors
D:2:      wad_pebble_path, layout_basic, overflow_temple_1_default,
          makhleb_altar_promises_db
D:3:      layout_basic
D:4:      layout_basic, first_ration, grunt_decor_arrowhead, xom_redecorated
D:5:      layout_cave_pools, gammafunk_temple_overflow_pools, lightli_minifort,
          uniq_blork_the_orc
D:6:      layout_basic, uniq_sigmund, uniq_duvessa, uniq_grinder
D:7:      layout_basic, minmay_temple_entry_overgrown, serial_shops, shop,
          uniq_menkaure
D:8:      layout_layer_cave, cheibriados_altar_1, uniq_maurice
D:9:      layout_irregular_city, lair_entry_dummy, gammafunk_ghost_stat_death,
          uniq_psyche
D:10:     layout_roguey, serial_shops, shop
D:11:     layout_gridville, orc_0_dummy, special_room [special_room_kobold],
          grunt_tengu_nest
D:12:     layout_roguey, kennysheep_generic_room_4
D:13:     layout_roguey, david_vaults_1
D:14:     layout_basic, nicolae_dithmenos_shadow_blocks
D:15:     hangedman_depths_entry_civil_slaughter, layout_loops_ring,
          fedhas_altar_2, gauntlet_entry_generic, uniq_rupert
Lair:1:   lemuel_slime, layout_regular_city, uniq_erica
Lair:2:   layout_long_grid, dummy_snake_entry, st_stairs_9, beast_lair_carwin_4,
          serial_bayou_shore_b, infiniplex_staircase_pool_2, uniq_harold
Lair:3:   layout_gridlike, nicolae_swamp_entry_splash_gauntlet
Lair:4:   layout_loops_ring, lemuel_fruit_fields
Lair:5:   layout_roguey, lemuel_oklob_altar, serial_bayou_shore_b
Lair:6:   wormcave, layout_small_grid, slime_altar_1, small_statue_intersection,
          patterned_corridor, grunt_megastairs_2
Swamp:1:  layout_basic_swamp, nicolae_swamp_round_clearing, uniq_kirke
Swamp:2:  layout_basic_swamp, hangedman_swamp_diagram, swamp_pool3, uniq_nikola
Swamp:3:  layout_basic_swamp, hangedman_swamp_pad
Swamp:4:  swamp_fiery, layout_basic_swamp
Snake:1:  layout_rooms, serial_shops, nicolae_shop_crystal, drop_trap,
          st_stairs_10, eino_curves_03, hangedman_snake_sidewinding
Snake:2:  layout_chambers, basic_altar, serial_bayou_crossing, lemuel_fruit_tree
Snake:3:  layout_concentric_octagons, serial_shops,
          nicolae_shop_overgrown_old_shop
Snake:4:  minmay_snake_end_coiled, layout_misc_corridors, basic_altar
Orc:1:    layout_caves, serial_shops, shop_fountains,
          gammafunk_ghost_necromancy, portal_ice_cave_entry_pillars_1
Orc:2:    kennysheep_orc_mage_school, layout_diamond_mine, serial_shops,
          shop_fountains, basic_altar
Elf:1:    minmay_elf_arrival_plus, layout_geoelf_grid, serial_shops,
          nicolae_shop_crystal, shop_fountains, shop, shop,
          nicolae_shop_overgrown_old_shop, minivault_28
Elf:2:    layout_geoelf_grid, lightli_enter_wizlab_magi_temple, serial_shops,
          nicolae_shop_waterfront, nicolae_shop_trees, shop, shop_fountains,
          nicolae_shop_waterfront, uniq_roxanne
Elf:3:    minmay_elf_hall_furrowed, layout_loops_cross, basic_altar
Vaults:1: gammafunk_vaults_ghost_tricky_traps, nicolae_vaults_alarming,
          hangedman_vaults_nodes, v_rooms_2, nicolae_vaults_little_ls,
          nicolae_vaults_ninety_degrees, v_misc_17, vaults_dpeg_hooks,
          ontoclasm_vaults_bender, v_misc_27, nicolae_vaults_border_crossing,
          st_lattice, nicolae_vaults_bisected_slash, layout_vaults_omnicross

Table legend:
 A = Turns spent in this place as a percentage of turns spent in the entire game.
 B = Non-inter-level travel turns spent in this place as a percentage of non-inter-level travel turns spent in the entire game.
 C = Inter-level travel turns spent in this place as a percentage of turns spent in this place.
 D = Turns resting spent in this place as a percentage of non-inter-level travel turns spent in this place.
 E = Turns spent auto-exploring this place as a percentage of non-inter-level travel turns spent in this place.
 F = Non-inter-level travel turns spent in this place divided by the number of levels of this place that you've seen.
                   A       B       C       D       E      F
               +-------+-------+-------+-------+-------+----------------------
         Total | 100.0 | 100.0 |  10.1 |  17.6 |  56.9 | 951.4
       Dungeon |  38.4 |  37.3 |  12.8 |  12.3 |  68.3 | 898.8
          Lair |  15.6 |  15.0 |  13.8 |  21.3 |  59.4 | 903.8
         Swamp |  12.2 |  12.9 |   5.1 |  30.0 |  41.3 | 1163.8
     Snake Pit |  14.2 |  15.0 |   5.3 |  20.5 |  52.1 | 1356.5
  Orcish Mines |   5.4 |   4.8 |  20.1 |  10.6 |  56.6 | 861.5
   Elven Halls |   7.7 |   7.8 |   8.3 |  11.6 |  57.5 | 941.3
        Vaults |   1.0 |   1.1 |   0.2 |   0.0 |  44.8 | 402.0
      Ice Cave |   1.7 |   1.9 |   0.0 |   6.2 |  48.4 | 699.0
        Wizlab |   2.9 |   3.2 |   0.0 |  39.7 |  16.4 | 1161.0
      Gauntlet |   0.9 |   1.0 |   0.0 |  12.5 |  22.3 | 359.0
               +-------+-------+-------+-------+-------+----------------------

Table legend:
 A = Kills in this place as a percentage of kills in entire the game.
 B = Kills by you in this place as a percentage of kills by you in the entire game.
 C = Kills by friends in this place as a percentage of kills by friends in the entire game.
 D = Other kills in this place as a percentage of other kills in the entire game.
 E = Experience gained in this place as a percentage of experience gained in the entire game.
 F = Experience gained in this place divided by the number of levels of this place that you have seen.
                   A       B       C       D       E      F
               +-------+-------+-------+-------+-------+----------------------
         Total | 100.0 | 100.0 | 100.0 | 100.0 | 100.0 | 10320.0
       Dungeon |  35.9 |  37.1 |   0.0 |   4.3 |  18.5 | 4844.7
          Lair |  13.0 |  13.4 |   0.0 |   0.0 |  10.5 | 6839.8
         Swamp |  12.5 |  13.0 |   0.0 |   0.0 |  18.0 | 17666.0
     Snake Pit |  14.6 |  14.0 |  60.0 |   4.3 |  22.3 | 21837.2
  Orcish Mines |   8.4 |   8.4 |  15.0 |   4.3 |   4.5 | 8793.0
   Elven Halls |   6.4 |   4.6 |  25.0 |  82.6 |  12.2 | 15917.0
        Vaults |   2.1 |   2.2 |   0.0 |   0.0 |   4.4 | 17175.0
      Ice Cave |   3.0 |   3.1 |   0.0 |   0.0 |   2.5 | 9758.0
        Wizlab |   3.2 |   3.3 |   0.0 |   4.3 |   6.3 | 24876.0
      Gauntlet |   0.8 |   0.9 |   0.0 |   0.0 |   0.8 | 3290.0
               +-------+-------+-------+-------+-------+----------------------
